 Dungeon Crawl Stone Soup version 0.31-a0-986-g5e6e4ef867 (webtiles) character file.

Game seed: 14933099245325195766

80 CowFu the Poker (level 4, -3/39 HPs)
             Began as a Minotaur Fighter on Nov 22, 2023.
             Slain by Edmund
             ... wielding a +5 dire flail of protection
              (13 damage)
             ... on level 4 of the Dungeon.
             The game lasted 00:01:08 (1621 turns).

CowFu the Poker (Minotaur Fighter)                  Turns: 1621, Time: 00:01:08

Health: -3/39      AC: 11    Str: 22    XL:     4   Next: 18%
Magic:  3/3        EV:  6    Int:  5    God:
Gold:   56         SH:  4    Dex: 10    Spells: 3/3 levels left

rFire   . . .        a - +0 trident
rCold   . . .        c - +0 buckler
rNeg    . . .        e - +0 plate armour
rPois   .            (helmet restricted)
rElec   .            (no cloak)
rCorr   .            (no gloves)
SInv    .            (no boots)
Will    .....        (no amulet) Stlth
                     (no ring)
HPRegen 0.26/turn    (no ring)
MPRegen 0.08/turn

%: no passive effects
@: mighty
A: horns 2, retaliatory headbutt
a: no special abilities


You were on level 4 of the Dungeon.
You visited 1 branch of the dungeon, and saw 3 of its levels.

You collected 56 gold pieces.

Inventory:

Hand Weapons
 a - a +0 trident (weapon)
Armour
 c - a +0 buckler (worn)
 e - a +0 plate armour (worn)
Jewellery
 f - an amulet of magic regeneration
 k - a ring of protection from fire
Scrolls
 g - a scroll of fog {unknown}
 i - 3 scrolls of revelation {unknown}
 j - a scroll of brand weapon {unknown}
 n - a scroll of identify {unknown}
 p - a scroll of enchant weapon {unknown}
 q - a scroll of blinking {unknown}
Potions
 b - a potion of ambrosia {unknown}
 h - a potion of curing {unknown}
 l - 2 potions of attraction {unknown}
 m - a potion of enlightenment {unknown}
 o - a potion of invisibility {unknown}


   Skills:
 - Level 3.6 Fighting
 + Level 5.4 Polearms
 - Level 3.6 Armour
 - Level 3.6 Shields


You had 3 spell levels left.
You didn't know any spells.
Your spell library was empty.

Dungeon Overview and Level Annotations

Branches:
Dungeon (2/15)

Altars:

Annotations:
D:4 Edmund


Innate Abilities, Weirdness & Mutations

You have a pair of horns on your head.
You reflexively headbutt those who attack you in melee.


Message History

Edmund the Younger comes into view.
He is wielding a +5 dire flail of protection.
Edmund shouts!
The hobgoblin closely misses you.
Edmund moves out of view.
A hobgoblin is nearby!
You reach to attack!
You hit the hobgoblin but do no damage. The hobgoblin barely misses you.
The hobgoblin hits you but does no damage.
There are monsters nearby!
You reach to attack!
You barely miss the hobgoblin.
The hobgoblin hits you from afar with a +0 spear.
There are monsters nearby!
You reach to attack!
You closely miss the hobgoblin.
The hobgoblin hits you from afar with a +0 spear.
There are monsters nearby!
You reach to attack!
You barely miss Edmund. You block the hobgoblin's attack.
You hit Edmund but do no damage. You headbutt Edmund!
Edmund is lightly wounded.
Edmund closely misses you.
The hobgoblin hits you but does no damage.
You hit Edmund. You headbutt Edmund, but do no damage.
Edmund is moderately wounded.
Edmund hits you with a +5 dire flail of protection.
The hobgoblin hits you from afar with a +0 spear.
You barely miss Edmund. Your headbutt misses Edmund.
Edmund is moderately wounded.
Edmund hits you with a +5 dire flail of protection.
The hobgoblin completely misses you.
You closely miss Edmund. You headbutt Edmund, but do no damage.
Edmund is moderately wounded.
Edmund hits you with a +5 dire flail of protection!
The hobgoblin hits you but does no damage.
You hit Edmund.
Edmund is moderately wounded.
Edmund hits you with a +5 dire flail of protection!
* * * LOW HITPOINT WARNING * * *
The hobgoblin closely misses you.
You feel very mighty all of a sudden.
Edmund hits you with a +5 dire flail of protection!
You die...
Edmund says, "That'll show my brother!"

## #. ##.. ..##...
#####..# .....# #......#
#..<# ###..#.. #..##
#.#### ##>..#######.# #
##.g..........#
##@(###..######## ##.@#
#.## #..### ##..##
#.######..... ##..##
##...##...###.
..###...#####.....#.#####.
............)...##### ##..
#...###...####..# ##..#
### ##†## #.## ##..## #.#
#.# #..### #.# #.# ##..##.


You could see Edmund and a hobgoblin.

Vanquished Creatures
  4 adders
  A dart slug (D:2)
  3 ball pythons (D:2)
  5 bats
  3 endoplasms
  4 goblins
  7 hobgoblins
  2 quokkas
  3 frilled lizards
  5 kobolds
  4 rats
41 creatures vanquished.

Notes
Turn   | Place    | Note
-------+----------+-------------------------------------------
     0 | D:1      | CowFu the Minotaur Fighter began the quest for the Orb.
     0 | D:1      | Reached XP level 1. HP: 19/19 MP: 0/0
   124 | D:1      | Reached skill level 3 in Polearms
   295 | D:1      | Reached XP level 2. HP: 26/26 MP: 1/1
   615 | D:2      | Reached skill level 4 in Polearms
   670 | D:2      | Reached XP level 3. HP: 24/31 MP: 2/2
   935 | D:2      | Reached skill level 5 in Polearms
  1146 | D:2      | You fall into a shaft and drop 2 floors!
  1198 | D:4      | Reached XP level 4. HP: 29/39 MP: 3/3
  1611 | D:4      | Noticed Edmund
  1621 | D:4      | Slain by Edmund

Illustrated notes

Levels and vault maps discovered:
D:1:      enne_arrival_octagon_isle, layout_basic, serial_bayou_ford_a,
          solitary_fountain
D:2:      layout_basic
D:4:      layout_layer_cave, uniq_edmund

Skill      XL: |  1  2  3 |
---------------+----------+-----
Polearms       | 3 4 5 |  5.4
Fighting       | |  3.6
Armour         | |  3.6
Shields        | |  3.6

Action                     |  1- 3 |  4- 6 || total
---------------------------+-------+-------++-------
  Melee: Trident           |   101 |    23 ||   124
         Headbutt          |     7 |     4 ||    11
    Use: Potion            |       |     1 ||     1
 Armour: Plate armour      |    57 |    16 ||    73
  Dodge: Dodged            |    17 |     7 ||    24
  Block: Buckler           |    19 |     1 ||    20

Table legend: (Time is in decaauts)
 A = Elapsed time spent in this place.
 B = Non-inter-level travel time spent in this place.
 C = Inter-level travel time spent in this place.
 D = Time resting spent in this place.
 E = Time spent auto-exploring this place.
 F = Levels seen in this place.
 G = Mean time per level.
                   A        B        C        D        E       F      G
               +--------+--------+--------+--------+--------+-----+--------+
         Total |   1639 |   1614 |     25 |      0 |   1315 |   3 |  546.3 |
       Dungeon |   1639 |   1614 |     25 |      0 |   1315 |   3 |  546.3 |
               +--------+--------+--------+--------+--------+-----+--------+

Top non-repeatable levels by time:
     D:1: 607 daAuts
     D:2: 554 daAuts
     D:4: 477 daAuts
